 Dungeon Crawl Stone Soup version 0.27.1-33-g824d729ab1 (webtiles) character file.

Game seed: 14024894640131974912

8200 MisterFreud the Spry (level 11, -7/54 HPs)
             Began as a Felid Berserker on Nov 28, 2021.
             Was an Elder of Trog.
             Mangled by a five-headed hydra (11 damage)
             ... on level 4 of the Lair of Beasts.
             The game lasted 00:22:29 (16055 turns).

MisterFreud the Spry (Felid Berserker)             Turns: 16055, Time: 00:22:30

Health: -7/54      AC:  3    Str: 13    XL:     11   Next: 6%
Magic:  0/12       EV: 33    Int: 10    God:    Trog [****..]
Gold:   255        SH:  0    Dex: 19    Spells: 10/10 levels left
                                        Lives:  0   Deaths: 3

rFire    + . .     SeeInvis +     - Unarmed
rCold    + . .     Faith    .   (shield unavailable)
rNeg     . . .     Spirit   +   (armour unavailable)
rPois    .         Reflect  .   (helmet unavailable)
rElec    .         Harm     .   (cloak unavailable)
rCorr    .         Rampage  .   (gloves unavailable)
Will     +....                  (boots unavailable)
Stlth    +++++.....             c - amulet of guardian spirit
HPRegen  0.18/turn              b - ring of protection from fire
MPRegen  0.13/turn              l - +4 ring of evasion

@: quick
A: very small, claws 1, fangs 3, see invisible, speed 1, shaggy fur 3, stealthy
paws, no weapons or thrown items, no armour, multi-lived
a: Renounce Religion, Berserk, Trog's Hand, Brothers in Arms


You were on level 4 of the Lair of Beasts.
You worshipped Trog.
Trog was greatly pleased with you.
You visited 3 branches of the dungeon, and saw 17 of its levels.
You also visited: Sewer.

You collected 635 gold pieces.
You spent 380 gold pieces at shops.

Inventory:

Jewellery
 b - a ring of protection from fire (left paw)
 c - an amulet of guardian spirit (around neck)
 j - a ring of willpower
 l - a +4 ring of evasion (right paw)
 v - a ring of resist corrosion
 w - a ring of protection from cold
 x - an amulet of the acrobat
Wands
 p - a wand of charming (15)
 r - a wand of flame (14)
 s - a wand of acid (13)
 y - a wand of mindburst (15)
Scrolls
 a - a scroll of magic mapping
 d - a scroll of holy word
 e - 9 scrolls of teleportation
 g - 2 scrolls of fog
 q - a scroll of silence
 t - a scroll of identify
 B - a scroll of brand weapon {unknown}
Potions
 f - 3 potions of curing
 h - 2 potions of haste
 i - 4 potions of attraction
 k - 3 potions of lignification
 m - 2 potions of cancellation {unknown}
 n - 2 potions of magic
 u - a potion of invisibility
 z - a potion of mutation {unknown}
 A - 2 potions of might {unknown}
Miscellaneous
 o - a lightning rod (4/4)


   Skills:
 - Level 10.0 Fighting
 - Level 15.0 Dodging
 - Level 10.0 Stealth
 + Level 13.8 Unarmed Combat
 - Level 6.0 Evocations


You had 10 spell levels left.
You didn't know any spells.
Your spell library was empty.

Dungeon Overview and Level Annotations

Branches:
Dungeon (12/15)            Temple (1/1) D:5            Lair (4/6) D:10
    Orc (0/2) D:10          Sewer (visited)
  Swamp: Lair:2-4    Shoals: Lair:2-4     Snake: Lair:2-4    Spider: Lair:2-4

Altars:
Ashenzari
Elyvilon
Hepliaklqana
Okawaru
Ru
Sif Muna
Trog
Uskayaw

Shops:
D:4 ?   D:8 :**   D:9 *

Annotations:
D:4 2 runed translucent doors, PanSaczeczos's ghost, amateur DsFi


Innate Abilities, Weirdness & Mutations

You have sharp claws.
You have razor-sharp teeth.
You have supernaturally acute eyesight. (SInv)
You cover ground quickly. (Speed+)
Your thick and shaggy fur keeps you warm. (AC +3, rC+)
Your paws help you pounce on unaware monsters.
You are incapable of wielding weapons or throwing items.
You cannot wear armour.
You gain extra lives every three experience levels.


Message History

You are too injured to fight recklessly!
A nearby fungus withers and dies.
The polar bear completely misses you. The polar bear closely misses you.
The polar bear barely misses you.
A bullfrog comes into view.
The blink frog blinks!
The polar bear misses you. The polar bear closely misses you.
The polar bear completely misses you.
You see here a wolf corpse.
You are too injured to fight recklessly!
The polar bear misses you.
The polar bear completely misses you. x2
You see here a wolf corpse.
The bullfrog gives a loud, deep croak!
You are too injured to fight recklessly!
You are too injured to fight recklessly!
You are too injured to fight recklessly!
You scratch the polar bear but do no damage.
The polar bear is severely wounded.
The polar bear completely misses you. The polar bear misses you.
The polar bear claws you.
You are too injured to fight recklessly!
You barely miss the polar bear. Your bite misses the polar bear.
The polar bear is severely wounded.
The polar bear completely misses you. x2; The polar bear closely misses you.
You are too injured to fight recklessly!
You barely miss the polar bear.
The polar bear is severely wounded.
The polar bear completely misses you. The polar bear closely misses you.
The polar bear barely misses you.
The blink frog blinks!
You are too injured to fight recklessly!
You scratch the polar bear.
The polar bear is severely wounded.
The polar bear completely misses you. The polar bear claws you.
* * * LOW HITPOINT WARNING * * *
The polar bear misses you.
The five-headed hydra completely misses you.
The five-headed hydra bites you.
* * * LOW HITPOINT WARNING * * *
The five-headed hydra bites you!
* * * LOW HITPOINT WARNING * * *
The five-headed hydra bites you!
You die...

#.#.................
##........#.........
##........[........
##.#..............
######...........
#F.........
#.F§.F.....
###hD......
#@#...... #####....
#.PP ###


You could see a five-headed hydra, a polar bear (berserk), 2 blink frogs and a
bullfrog.

Vanquished Creatures
  Rupert (Lair:3)
  A hydra (Lair:1)
  A two-headed ogre (D:11)
  A tengu warrior (D:10)
  4 death yaks
  Pikel (D:7)
  4 elephants (Lair:3)
  A black mamba (Lair:1)
  2 kobold demonologists (D:11)
  6 cane toads
  4 komodo dragons
  A tengu conjurer (D:10)
  A hornet (D:9)
  A troll (D:10)
  Prince Ribbit (D:6)
  6 blink frogs
  Sigmund (D:3)
  5 wyverns
  A spriggan (Lair:3)
  33 yaks
  Grum (D:8)
  2 vampires (D:10)
  A basilisk (Lair:2)
  9 vampire mosquitoes
  A steam dragon (D:6)
  An acid dragon (D:10)
  7 water moccasins (Lair:1)
  Purgy (Sewer)
  7 orc warriors
  3 ice beasts
  2 sky beasts (D:7)
  A necrophage (D:6)
  7 wolves
  6 ogres
  5 kobold brigands
  A lemure (D:7)
  5 gnoll sergeants
  2 scorpions (D:6)
  A bullfrog (Lair:1)
  A water moccasin zombie (D:5)
  3 howler monkeys
  A vampire bat (D:3)
  A hound (D:6)
  3 bullfrog skeletons
  2 centaur zombies
  2 orc priests
  9 iguanas
  Jessica (D:2)
  A centaur skeleton (D:6)
  5 orc wizards
  Natasha (thrice) (D:3)
  A killer bee zombie (D:8)
  A hound skeleton (D:4)
  A mummy (D:4)
  A howler monkey zombie (D:7)
  18 gnolls
  2 adders
  2 howler monkey skeletons
  3 river rats (D:4)
  2 white imps
  An adder skeleton (D:4)
  4 worms
  2 dart slugs
  3 fire bats (D:3)
  31 orcs
  2 spectral bats (D:3)
  4 ball pythons
  13 bats
  3 bat skeletons (D:3)
  A bat zombie (D:3)
  5 endoplasms
  2 giant cockroaches (D:2)
  7 goblins
  6 hobgoblins
  2 quokkas
  A bat simulacrum (D:3)
  2 frilled lizards
  2 hobgoblin zombies (D:4)
  20 kobolds
  A kobold zombie (D:4)
  An orc zombie (D:4)
  5 rats
  A spectral hobgoblin (D:1)
321 creatures vanquished.

Vanquished Creatures (collateral kills)
  A dire elephant (Lair:3)
1 creature vanquished.

Vanquished Creatures (others)
  51 fungi
  33 plants
84 creatures vanquished.

Grand Total: 406 creatures vanquished

Notes
Turn   | Place    | Note
-------+----------+-------------------------------------------
     0 | D:1      | MisterFreud the Felid Berserker began the quest for the
                  | Orb.
     0 | D:1      | Reached XP level 1. HP: 10/10 MP: 2/2
    55 | D:1      | Reached skill level 1 in Stealth
   668 | D:1      | Reached XP level 2. HP: 14/14 MP: 3/3
  1182 | D:1      | Found a faded altar of an unknown god.
  1638 | D:2      | Reached XP level 3. HP: 17/17 MP: 4/4
  1943 | D:2      | Noticed Jessica
  1950 | D:2      | Killed Jessica
  1951 | D:2      | Reached XP level 4. HP: 21/21 MP: 5/5
  2510 | D:3      | Noticed Sigmund
  2522 | D:3      | Killed Sigmund
  2523 | D:3      | Reached skill level 5 in Stealth
  2523 | D:3      | Reached skill level 5 in Unarmed Combat
  2523 | D:3      | Reached XP level 5. HP: 22/24 MP: 3/6
  2578 | D:3      | Reached ** piety under Trog
  2900 | D:3      | Gained mutation: You are covered in thick fur. (AC +2)
                  | [Felid growth]
  2900 | D:3      | Reached XP level 6. HP: 28/28 MP: 7/7
  3025 | D:3      | Noticed Natasha
  3031 | D:3      | Killed Natasha
  3059 | D:3      | Noticed Natasha
  3064 | D:3      | Killed Natasha
  3124 | D:3      | Found a hide-covered altar of Uskayaw.
  3150 | D:3      | Noticed Natasha
  3157 | D:3      | Killed Natasha
  3404 | D:4      | Found a glowing drain.
  3421 | D:4      | Reached skill level 5 in Dodging
  3465 | Sewer    | Entered a sewer
  3541 | Sewer    | Noticed Purgy
  3552 | Sewer    | Killed Purgy
  3553 | Sewer    | Reached skill level 6 in Dodging
  3553 | Sewer    | Reached XP level 7. HP: 20/31 MP: 2/8
  4028 | D:4      | Found a large runed translucent door.
  4029 | D:4      | Found a large runed translucent door.
  4088 | D:4      | Reached *** piety under Trog
  4197 | D:4      | Found Qaos's Magic Scroll Shop.
  4200 | D:4      | Bought a scroll of teleportation for 39 gold pieces
  4200 | D:4      | Bought a scroll of fog for 26 gold pieces
  4200 | D:4      | Bought a scroll of teleportation for 39 gold pieces
  4200 | D:4      | Bought a scroll of identify for 26 gold pieces
  4289 | D:4      | Noticed PanSaczeczos's ghost (amateur DsFi)
  4366 | D:4      | Reached skill level 7 in Dodging
  4930 | D:5      | Entered Level 5 of the Dungeon
  5069 | D:5      | Found a staircase to the Ecumenical Temple.
  5200 | D:5      | Reached skill level 8 in Dodging
  5348 | D:5      | Reached skill level 9 in Dodging
  5538 | D:5      | Reached XP level 8. HP: 26/34 MP: 7/9
  6330 | D:6      | Reached skill level 10 in Dodging
  6597 | Temple   | Entered the Ecumenical Temple
  6972 | D:6      | Reached skill level 5 in Fighting
  7080 | D:6      | Found an iron altar of Okawaru.
  7544 | D:6      | Found a sacrificial altar of Ru.
  7580 | D:6      | Reached XP level 9. HP: 41/41 MP: 7/10
  7962 | D:7      | Noticed Prince Ribbit
  7982 | D:6      | Killed Prince Ribbit
  8104 | D:7      | Reached skill level 11 in Dodging
  8120 | D:7      | Noticed Pikel
  8136 | D:7      | Killed Pikel
  8206 | D:7      | Reached **** piety under Trog
  8225 | D:7      | Found a shimmering blue altar of Sif Muna.
  8244 | D:7      | Killed from afar by a white imp
  8245 | D:7      | Reached XP level 8. HP: -6/38 MP: 0/9
  8332 | D:7      | Found a hazy altar of Hepliaklqana.
  8622 | D:8      | Found Vuklin's Book Shop.
  8645 | D:8      | Reached XP level 9. HP: 41/41 MP: 10/10
  8655 | D:8      | Reached skill level 12 in Dodging
  8785 | D:8      | Found Wiskar's General Store.
  8804 | D:8      | Bought a scroll of teleportation for 42 gold pieces
  8880 | D:8      | Reached skill level 10 in Stealth
  8929 | D:8      | Found Wigameal's Assorted Antiques.
  8937 | D:8      | Bought a scroll of blinking for 180 gold pieces
  9075 | D:8      | Noticed Grum
  9132 | D:8      | Killed Grum
  9504 | D:9      | Found a broken altar of Ashenzari.
  9604 | D:9      | Reached XP level 10. HP: 31/45 MP: 7/11
  9716 | D:9      | Found Cakafuq's General Store.
  9723 | D:9      | Bought a scroll of identify for 28 gold pieces
  9802 | D:9      | Reached skill level 13 in Dodging
 10511 | D:10     | Entered Level 10 of the Dungeon
 10570 | D:10     | Reached skill level 10 in Unarmed Combat
 10639 | D:10     | Found the +8 Vampire's Tooth {vamp}
 10653 | D:10     | Reached skill level 14 in Dodging
 10900 | D:10     | Found a staircase to the Lair.
 10900 | D:10     | Noticed a death yak
 10902 | D:10     | Noticed a death yak
 10902 | D:10     | Noticed a death yak
 10965 | D:10     | Killed a death yak
 10973 | D:10     | Killed a death yak
 10974 | D:10     | Reached skill level 15 in Dodging
 11035 | D:9      | Reached XP level 11. HP: 41/48 MP: 6/12
 11169 | D:10     | Noticed a tengu warrior
 11413 | D:10     | Killed a tengu warrior
 11515 | D:10     | Reached skill level 5 in Evocations
 11646 | D:10     | Found a staircase to the Orcish Mines.
 11716 | D:10     | HP: 2/48 [troll (10)]
 12369 | D:10     | Killed a death yak
 12728 | D:10     | Found a bloodstained altar of Trog.
 12958 | D:11     | Noticed a soul eater
 12978 | D:11     | Reached ***** piety under Trog
 13355 | D:11     | Noticed a two-headed ogre
 13367 | D:11     | Killed a two-headed ogre
 13372 | D:11     | Noticed a seven-headed hydra
 13425 | Lair:1   | Entered Level 1 of the Lair of Beasts
 13954 | Lair:1   | Reached skill level 10 in Fighting
 14348 | Lair:1   | Gained mutation: Your thick and shaggy fur keeps you warm.
                  | (AC +3, rC+) [Felid growth]
 14348 | Lair:1   | Reached XP level 12. HP: 52/58 MP: 11/13
 14415 | Lair:1   | Noticed a four-headed hydra
 14425 | Lair:1   | Killed a four-headed hydra
 15312 | Lair:1   | Noticed a death yak
 15350 | Lair:1   | Killed a death yak
 15816 | Lair:2   | You fall into a shaft and drop 1 floor!
 15816 | Lair:3   | Noticed a dire elephant
 15829 | Lair:3   | Killed a dire elephant
 15860 | Lair:3   | Slain by an elephant
 15861 | Lair:3   | Reached XP level 11. HP: -2/54 MP: 0/12
 15861 | Lair:3   | Noticed Rupert
 15875 | Lair:3   | Killed Rupert
 15979 | Lair:3   | Reached XP level 12. HP: 10/58 MP: 2/13
 16007 | Lair:4   | Noticed a five-headed hydra
 16023 | Lair:4   | Mangled by a five-headed hydra
 16024 | Lair:4   | Reached XP level 11. HP: -10/81 MP: 0/12
 16055 | Lair:4   | Mangled by a five-headed hydra

Illustrated notes

Levels and vault maps discovered:
D:1:      nzn_arrival_crosshair, layout_basic,
          dreamdust_ecumenical_altar_drowned_temple, minmay_misc_feat_rows,
          bh_walls_and_bars
D:2:      layout_loops_corners, kennysheep_generic_room_13, uniq_jessica
D:3:      layout_loops_ring, general_overflow_altar, goddamned_bats,
          uniq_natasha, uniq_sigmund
D:4:      layout_layer_cave, serial_shops, kennysheep_mini_moat,
          ebering_ghost_disaster_area, portal_sewer_entry_a, minmay_mini_ossuary
D:5:      layout_loops_ring, minmay_temple_entry_offerings, lightli_minifort
D:6:      layout_cave_pools, lemuel_crystal_altar, nicolae_ru_path_of_blood
D:7:      layout_rooms, mainiacjoe_overflow_small_starburst, kennysheep_mini,
          uniq_prince_ribbit1, uniq_pikel
D:8:      layout_basic, serial_shops,
          nicolae_shop_temple_entry_statues_fountains, nicolae_diamond_shop,
          nicolae_shop_crystal, uniq_grum
D:9:      layout_stronghold, lemuel_round_altar, serial_shops, shop
D:10:     layout_irregular_city, tgw_trog, dpeg_lair_monsters,
          kennysheep_orc_monster_closet_entryway,
          minmay_guarded_unrand_vampires_tooth
D:11:     layout_cave_pools
D:12:     layout_stronghold, serial_shops, nicolae_shop_crystal, enter_bailey_1,
          xom_redecorated, uniq_erolcha, uniq_azrael
Temple:   regret_index_temple_waves
Lair:1:   layout_cave_shapes, portal_ice_cave_entry_ice_simulacra, st_stairs_9,
          hangedman_lair_generics_rect, grunt_megastairs_2
Lair:2:   beast_lair_carwin_large_4, layout_cave_pods, swamp_mist,
          spider_nest_entry_a, nicolae_volcano_entry_batcave
Lair:3:   mu_elephants_graveyard, layout_concentric_octagons,
          serial_bayou_shore_a, infiniplex_staircase_pool, serial_bayou_shore_b,
          uniq_rupert, uniq_gastronok
Lair:4:   layout_cave_shapes

Skill      XL: |  1  2  3  4  5  6  7  8  9 10 11 12 |
---------------+-------------------------------------+-----
Stealth        | 1 2 3 5 6 10 | 10.0
Unarmed Combat | 4 5 6 8 9 10 13 12 | 13.8
Dodging        | 6 9 10 12 15 | 15.0
Fighting       | 6 10 | 10.0
Evocations     | 2 6 |  6.0

Action                   |  1- 3 |  4- 6 |  7- 9 | 10-12 || total
-------------------------+-------+-------+-------+-------++-------
Melee: Unarmed           |    60 |    94 |   453 |   649 ||  1256
       Bite              |     4 |    10 |    56 |    94 ||   164
       Punch             |       |     3 |    13 |    40 ||    56
Invok: Berserk           |     3 |     5 |    18 |    28 ||    54
       Trog's Hand       |       |       |     2 |    13 ||    15
       Brothers in Arms  |       |       |       |     2 ||     2
  Use: Scroll            |       |       |    15 |     3 ||    18
       Potion            |       |       |       |     2 ||     2
 Stab: Sleeping          |     8 |    19 |    11 |     6 ||    44
       Distracted        |       |       |     1 |     3 ||     4
Armor: Skin              |     1 |     9 |    12 |    14 ||    36
Dodge: Dodged            |    32 |    78 |   367 |   835 ||  1312
